 Dungeon Crawl Stone Soup version 0.31-a0-538-gbc85326fa9 (webtiles) character file.

Game seed: 14088401671650215975

3504 Edwards80 the Ruffian (level 9, -6/92 HPs)
             Began as a Troll Fighter on Aug 13, 2023.
             Was a Believer of Wu Jian.
             Succumbed to Amaemon's poison
             ... on level 8 of the Dungeon.
             The game lasted 00:14:19 (4897 turns).

Edwards80 the Ruffian (Troll Fighter)               Turns: 4897, Time: 00:14:20

Health: -6/92      AC: 12    Str: 36    XL:     9   Next: 80%
Magic:  8/8        EV: 10    Int:  4    God:    Wu Jian [**....]
Gold:   265        SH:  9    Dex:  9    Spells: 8/8 levels left

rFire   . .          .
                       - Unarmed
rCold   . . .        b - +0 kite shield
rNeg    . . .        a - +0 robe
rPois   .            m - +1 hat
rElec   .            F - +2 cloak {Will+}
rCorr   .            (gloves unavailable)
SInv    .            (boots unavailable)
Will    +....        s - amulet of faith
Stlth   +            p - +6 ring of strength
HPRegen 1.15/turn    j - +4 ring of protection
MPRegen 0.11/turn

%: faith
@: lethally poisoned (-6 -> -33)
A: large, unfitting armour, claws 3, regeneration 1, shaggy fur 1, tough skin 1
a: Renounce Religion, Wall Jump


You were on level 8 of the Dungeon.
You worshipped Wu Jian.
Wu Jian was pleased with you.
You visited 2 branches of the dungeon, and saw 9 of its levels.

You collected 482 gold pieces.
You spent 217 gold pieces at shops.

Inventory:

Armour
 a - a +0 robe (worn)
 b - a +0 kite shield (worn)
 m - a +1 hat (worn)
 F - a +2 cloak of willpower (worn)
Jewellery
 e - a ring of positive energy
 h - a ring of wizardry
 j - a +4 ring of protection (right claw)
 o - a ring of protection from fire
 p - a +6 ring of strength (left claw)
 q - a +6 ring of dexterity
 s - an amulet of faith (around neck)
 t - a +4 ring of protection
 x - a ring of protection from cold
 y - a ring of poison resistance
 B - a ring of resist corrosion
 E - an amulet of reflection
Wands
 D - a wand of digging (7)
Scrolls
 d - a scroll of amnesia {unknown}
 g - a scroll of enchant armour {unknown}
 i - 3 scrolls of vulnerability
 r - a scroll of teleportation {unknown}
 u - 2 scrolls of poison {unknown}
 v - 2 scrolls of fog {unknown}
 z - a scroll of enchant weapon {unknown}
 A - 2 scrolls of silence {unknown}
Potions
 c - a potion of might
 f - a potion of haste {unknown}
 k - 2 potions of attraction
 l - 2 potions of degeneration {unknown}
 n - a potion of lignification {unknown}
 w - a potion of enlightenment {unknown}
 C - a potion of curing {unknown}


   Skills:
 + Level 6.4 Fighting
 + Level 6.4 Dodging
 + Level 6.8 Shields
 + Level 7.4 Unarmed Combat


You had 8 spell levels left.
You didn't know any spells.
Your spell library contained the following spells:

 Spells                   Type           Power      Damage    Failure   Level
 Ensorcelled Hibernation  Hex/Ice        0%         N/A       80%         2
 Ozocubu's Armour         Ice            0%         N/A       95%         3
 Anguish                  Hex/Necr       0%         N/A       100%        4
 Metabolic Englaciation   Hex/Ice        0%         N/A       100%        5
 Simulacrum               Ice/Necr       0%         N/A       100%        6


Dungeon Overview and Level Annotations

Branches:
Dungeon (8/15)             Temple (1/1) D:4
   Lair: D:8-11

Altars:
Ashenzari
Cheibriados
Dithmenos
Elyvilon
Fedhas
Gozag
Kikubaaqudgha
Makhleb
Nemelex Xobeh
Okawaru
Qazlal
Ru
Sif Muna
Trog
Uskayaw
Vehumet
Wu Jian
Xom
Yredelemnul
Zin
The Shining One

Shops:
D:8 [

Annotations:
D:7 2 transporters, kaychamo's ghost, novice OpSh
D:8 Amaemon


Innate Abilities, Weirdness & Mutations

You are too large for most types of armour.
You have claws for hands.
Your natural rate of healing is unusually fast.
You are covered in fur. (AC +1)
You have tough skin. (AC +1)


Message History

You feel sick.
Amaemon hits you with a -2 demon whip of venom!
You are more poisoned.
You block Amaemon's attack. x2
You claw Amaemon!
Amaemon is moderately wounded.
You feel very sick.
Amaemon hits you with a -2 demon whip of venom.
You are more poisoned.
Amaemon closely misses you. x2
You closely miss Amaemon.
Amaemon is moderately wounded.
You feel very sick. Amaemon hits you but does no damage.
You are more poisoned.
Amaemon claws you.
* * * LOW HITPOINT WARNING * * *
You block Amaemon's attack.
You mangle Amaemon!!
Amaemon is severely wounded.
You feel very sick.
You claw Amaemon!
Amaemon is severely wounded.
You feel very sick.
Amaemon hits you with a -2 demon whip of venom.
* * * LOW HITPOINT WARNING * * *
You are lethally poisoned!
You block Amaemon's attack. Amaemon tail-slaps you.
* * * LOW HITPOINT WARNING * * *
You are more poisoned.
Amaemon poisons you!
Okay, then.
You closely miss Amaemon.
Amaemon is severely wounded.
* * * LOW HITPOINT WARNING * * *
You feel extremely sick.
Amaemon casts a spell.
You scratch Amaemon.
Amaemon is severely wounded.
You die...

####### .......
....... ##
$...... #..
..<.... #.#
.......
####.####6?..?..
#.......@....(..
#.##.#..s..#.###
#.##.#..##.#.# ##
#.##....##.#.###
.#
#.##.#......... .
.#####
#.##.#...#.#.##.#
?....#
#...............
.###.#
#######......##
.###.####.^.#
##...### #


You could see Amaemon and a scorpion (summoned).

Vanquished Creatures
  Pikel (D:5)
  A cyclops (D:8)
  An orange demon (D:8)
  A komodo dragon (D:8)
  Sigmund (D:2)
  A steam dragon (D:6)
  A sky beast (D:7)
  A black bear (D:5)
  An ogre (D:4)
  2 centaurs (D:7)
  3 phantoms
  Blork the orc (D:4)
  A kobold brigand (D:8)
  A scorpion (D:5)
  7 wights
  3 orc priests
  4 jellies
  Crazy Yiuf (D:2)
  A sleepcap (D:6)
  3 iguanas
  5 orc wizards
  3 gnolls (D:4)
  5 adders
  A white imp (D:6)
  An ufetubus (D:6)
  A worm (D:4)
  4 dart slugs
  14 orcs
  8 ball pythons
  7 endoplasms
  5 giant cockroaches
  12 goblins
  5 hobgoblins
  3 jackals (D:3)
  7 quokkas
  A bat (D:3)
  A frilled lizard (D:2)
  5 kobolds
  3 rats
127 creatures vanquished.

Notes
Turn   | Place    | Note
-------+----------+-------------------------------------------
     0 | D:1      | Edwards80 the Troll Fighter began the quest for the Orb.
     0 | D:1      | Reached XP level 1. HP: 22/22 MP: 0/0
    58 | D:1      | Reached XP level 2. HP: 22/29 MP: 1/1
   563 | D:2      | Reached XP level 3. HP: 36/36 MP: 2/2
   771 | D:2      | Found a runed translucent door.
   776 | D:2      | Noticed Crazy Yiuf
   784 | D:2      | Killed Crazy Yiuf
   994 | D:2      | Found a faded altar of an unknown god.
  1096 | D:2      | Noticed Sigmund
  1100 | D:2      | Killed Sigmund
  1101 | D:2      | Reached skill level 3 in Unarmed Combat
  1101 | D:2      | Reached XP level 4. HP: 45/45 MP: 3/3
  1101 | D:2      | Reached XP level 5. HP: 53/53 MP: 4/4
  1737 | D:4      | Reached XP level 6. HP: 61/61 MP: 5/5
  1761 | D:4      | Noticed Blork the orc
  1784 | D:4      | Killed Blork the orc
  1785 | D:4      | Reached skill level 4 in Unarmed Combat
  2003 | D:4      | Reached XP level 7. HP: 69/70 MP: 6/6
  2135 | D:4      | Found a staircase to the Ecumenical Temple.
  2139 | Temple   | Entered the Ecumenical Temple
  2184 | Temple   | Became a worshipper of the Wu Jian Council
  2443 | D:5      | Entered Level 5 of the Dungeon
  2739 | D:5      | Noticed Pikel
  2752 | D:5      | Killed Pikel
  2753 | D:5      | Reached skill level 5 in Shields
  2753 | D:5      | Reached skill level 5 in Unarmed Combat
  2753 | D:5      | Reached XP level 8. HP: 73/79 MP: 7/7
  3177 | D:6      | Reached skill level 5 in Fighting
  3196 | D:6      | Reached skill level 5 in Dodging
  3397 | D:6      | Reached * piety under Wu Jian
  3473 | D:6      | Reached skill level 6 in Unarmed Combat
  3897 | D:7      | Reached XP level 9. HP: 75/88 MP: 8/8
  4034 | D:7      | Found a transporter.
  4042 | D:7      | Found a transporter.
  4056 | D:7      | Found a bloodstained altar of Trog.
  4087 | D:7      | Noticed kaychamo's ghost (novice OpSh)
  4552 | D:8      | Noticed a komodo dragon
  4566 | D:8      | Killed a komodo dragon
  4622 | D:8      | Noticed a cyclops
  4629 | D:8      | Killed a cyclops
  4630 | D:8      | Reached skill level 7 in Unarmed Combat
  4683 | D:8      | Found Haxoashu's Antique Armour Boutique.
  4688 | D:8      | Bought a runed cloak for 217 gold pieces
  4834 | D:8      | Reached ** piety under Wu Jian
  4879 | D:8      | Noticed an orange demon
  4880 | D:8      | Noticed Amaemon
  4885 | D:8      | Killed an orange demon
  4896 | D:8      | HP: 1/92 [poisoned by Amaemon]
  4897 | D:8      | Succumbed to Amaemon's poison

Illustrated notes

Levels and vault maps discovered:
D:1:      wander_arrival_fairy_ring, layout_rooms
D:2:      layout_loops_corners, nicolae_ecumenical_pavilion, uniq_sigmund,
          uniq_crazy_yiuf_cottage
D:3:      layout_basic, serial_glass, glass_columns_b, glass_columns_a
D:4:      layout_rooms, minmay_temple_entry_glassed_door,
          kennysheep_cross_bottleneck, grunt_ministairs_7,
          hangedman_glass_teeth, minmay_bent, uniq_blork_the_orc
D:5:      layout_basic, minivault_27, nicolae_eternal_life, uniq_pikel
D:6:      layout_loops_cross
D:7:      layout_gridville, nicolae_overflow_hidden_temple,
          gammafunk_ghost_wrathful_warriors, st_stairs_14
D:8:      layout_loops_cross, serial_shops, shop, uniq_amaemon
Temple:   nicolae_temple_the_god_donut

Skill      XL: |  1  2  3  4  5  6  7  8  9 |
---------------+----------------------------+-----
Fighting       | 3 4 5 6 |  6.4
Dodging        | 3 4 5 6 |  6.4
Shields        | 3 4 5 6 |  6.8
Unarmed Combat | 3 4 5 6 7 |  7.4

Action                     |  1- 3 |  4- 6 |  7- 9 || total
---------------------------+-------+-------+-------++-------
  Melee: Unarmed           |    83 |    96 |   254 ||   433
Ability: Lunge             |       |       |    17 ||    17
         Whirlwind         |       |       |     2 ||     2
    Use: Scroll            |     1 |     2 |     1 ||     4
         Potion            |       |       |     1 ||     1
   Stab: Sleeping          |     1 |       |     1 ||     2
 Armour: Robe              |    17 |    24 |    98 ||   139
  Dodge: Dodged            |    21 |    41 |    79 ||   141
  Block: Kite shield       |    26 |    39 |    95 ||   160

Table legend: (Time is in decaauts)
 A = Elapsed time spent in this place.
 B = Non-inter-level travel time spent in this place.
 C = Inter-level travel time spent in this place.
 D = Time resting spent in this place.
 E = Time spent auto-exploring this place.
 F = Levels seen in this place.
 G = Mean time per level.
                   A        B        C        D        E       F      G
               +--------+--------+--------+--------+--------+-----+--------+
         Total |   4894 |   4667 |    227 |      0 |   3610 |   9 |  543.8 |
       Dungeon |   4825 |   4621 |    204 |      0 |   3610 |   8 |  603.1 |
        Temple |     69 |     46 |     23 |      0 |      0 |   1 |   69.0 |
               +--------+--------+--------+--------+--------+-----+--------+

Top non-repeatable levels by time:
     D:2: 904 daAuts
     D:5: 723 daAuts
     D:6: 702 daAuts
     D:7: 679 daAuts
     D:4: 647 daAuts
     D:3: 422 daAuts
     D:1: 404 daAuts
     D:8: 340 daAuts
  Temple: 69 daAuts
